 Dungeon Crawl Stone Soup version 0.30-a0-540-g0af01429fa (webtiles) character file.

Game seed: 8345463060068860049

46 arthad the Ruffian (level 3, -4/31 HPs)
             Began as a Gnoll Wanderer on Dec 25, 2022.
             Was an Initiate of Wu Jian.
             Slain by a gnoll
             ... wielding a +0 flail
              (12 damage)
             ... on level 2 of the Dungeon.
             The game lasted 00:03:00 (1271 turns).

arthad the Ruffian (Gnoll Wanderer)                 Turns: 1271, Time: 00:03:01

Health: -4/31      AC:  3    Str: 13    XL:     3   Next: 66%
Magic:  4/4        EV: 11    Int: 10    God:    Wu Jian [......]
Gold:   76         SH:  0    Dex: 12    Spells: 4/4 levels left

rFire   . . .      SeeInvis .    a - +0 short sword
rCold   . . .      Faith    .    (no shield)
rNeg    . . .      Spirit   .    f - +0 leather armour
rPois   +          Reflect  .    (no helmet)
rElec   .          Harm     .    (no cloak)
rCorr   .          Rampage  .    (no gloves)
Will    .....                    (no boots)
Stlth   +                        (no amulet)
HPRegen 0.25/turn                i - ring of poison resistance
MPRegen 0.09/turn                (no ring)

@: no status effects
A: fangs 1, strong nose, distributed training
a: Renounce Religion


You were on level 2 of the Dungeon.
You worshipped Wu Jian.
Wu Jian was noncommittal.
You visited 1 branch of the dungeon, and saw 2 of its levels.

You collected 76 gold pieces.

Inventory:

Hand Weapons
 a - a +0 short sword (weapon)
 d - a +0 dagger
Missiles
 c - 5 boomerangs (quivered)
 j - 4 poisoned darts
Armour
 f - a +0 leather armour (worn)
Jewellery
 i - a ring of poison resistance (left hand)
Wands
 p - a wand of flame (19)
Scrolls
 g - a scroll of fear {unknown}
 h - a scroll of identify {unknown}
 k - a scroll of vulnerability {unknown}
 m - 2 scrolls of amnesia {unknown}
 n - a scroll of torment {unknown}
 q - a scroll of magic mapping {unknown}
Potions
 b - 2 potions of haste
 e - a potion of lignification
 l - 2 potions of curing {unknown}
 o - a potion of ambrosia {unknown}
 r - a potion of flight {unknown}


   Skills:
 + Level 4.6 Fighting
 + Level 4.6 Short Blades
 + Level 1.0 Long Blades
 + Level 1.0 Axes
 + Level 1.0 Maces & Flails
 + Level 1.0 Polearms
 + Level 1.0 Staves
 + Level 1.0 Ranged Weapons
 + Level 6.5 Throwing
 + Level 1.0 Armour
 + Level 1.0 Dodging
 + Level 1.0 Stealth
 + Level 1.0 Shields
 + Level 6.5 Unarmed Combat
 + Level 1.0 Spellcasting
 + Level 0.7 Conjurations
 + Level 0.7 Hexes
 + Level 0.7 Summonings
 + Level 0.7 Necromancy
 + Level 0.7 Translocations
 + Level 0.7 Transmutations
 + Level 0.7 Fire Magic
 + Level 0.7 Ice Magic
 + Level 0.7 Air Magic
 + Level 0.7 Earth Magic
 + Level 0.7 Poison Magic
 + Level 1.0 Invocations
 + Level 1.0 Evocations


You had 4 spell levels left.
You didn't know any spells.
Your spell library contained the following spells:

 Spells                   Type           Power      Damage    Failure   Level
 Summon Forest            Summ/Tloc      0%         N/A       100%        5
 Summon Mana Viper        Hex/Summ       1%         N/A       100%        5
 Summon Cactus Giant      Summ           0%         N/A       100%        6


Dungeon Overview and Level Annotations

Branches:
Dungeon (2/15)

Altars:
Wu Jian


Innate Abilities, Weirdness & Mutations

You have very sharp teeth.
Your uncanny sense of smell can sniff out nearby items.
Your experience applies equally to all skills.


Message History

The gnoll shouts! x2
Found 12 gold pieces.
The gnoll hits you with a +0 club!
The gnoll shouts!
You hit the gnoll.
The gnoll is moderately wounded.
The gnoll barely misses you.
You barely miss the gnoll. Your punch misses the gnoll.
The gnoll is moderately wounded.
You hit the gnoll. You bite the gnoll, but do no damage.
The gnoll is heavily wounded.
The gnoll hits you with a +0 club.
You hit the gnoll. Your punch misses the gnoll. Your bite misses the gnoll.
The gnoll is almost dead.
The gnoll hits you with a +0 flail!
* * * LOW HITPOINT WARNING * * *
The gnoll hits you but does no damage.
You are too injured to fight recklessly!
You are too injured to fight recklessly!
You are too injured to fight recklessly!
You are too injured to fight recklessly!
You are too injured to fight recklessly!
You are too injured to fight recklessly!
You are too injured to fight recklessly!
You are too injured to fight recklessly!
You are too injured to fight recklessly!
You are too injured to fight recklessly!
You are too injured to fight recklessly!
You are too injured to fight recklessly!
You are too injured to fight recklessly!
You are too injured to fight recklessly!
You are too injured to fight recklessly!
You are too injured to fight recklessly!
You are too injured to fight recklessly!
You are too injured to fight recklessly!
You are too injured to fight recklessly!
The gnoll attacks as you move away! The gnoll completely misses you.
You hit the gnoll. Your bite misses the gnoll.
The gnoll is lightly wounded.
The gnoll hits you with a +0 flail!
You die...

.......#...
.......#...
.......###.
.......#... ##
........... $#
##.... .# . .......
####g##............
#.@gg......#...#...
#.##g......#.......
#.# .......#.......
#.# .......#.......
#.# .......#.......
#.# .....?.#......#
#.# .......#.......
#.# ########.....##
#.# #....†##


You could see 4 gnolls.

Vanquished Creatures
  An adder (D:2)
  A worm (D:2)
  3 ball pythons (D:2)
  5 bats
  2 endoplasms (D:2)
  2 goblins (D:1)
  A hobgoblin (D:2)
  7 jackals
  4 kobolds
  A frilled lizard (D:2)
  3 rats
30 creatures vanquished.

Notes
Turn   | Place    | Note
-------+----------+-------------------------------------------
     0 | D:1      | arthad the Gnoll Wanderer began the quest for the Orb.
     0 | D:1      | arthad set off with the following items: a +0 short sword,
                  | 2 potions of haste, 9 boomerangs, a +0 dagger, a potion of
                  | lignification, a +0 leather armour.
     0 | D:1      | Reached XP level 1. HP: 20/20 MP: 1/1
   228 | D:1      | Reached XP level 2. HP: 26/26 MP: 2/2
   825 | D:2      | Reached XP level 3. HP: 26/31 MP: 2/4
   854 | D:2      | Reached skill level 1 in Invocations
  1042 | D:2      | Found an ornate altar of the Wu Jian Council.
  1083 | D:2      | Became a worshipper of the Wu Jian Council
  1211 | D:2      | Found a faded altar of an unknown god.
  1223 | D:2      | Reached skill level 1 in Long Blades
  1223 | D:2      | Reached skill level 1 in Axes
  1223 | D:2      | Reached skill level 1 in Maces & Flails
  1223 | D:2      | Reached skill level 1 in Polearms
  1223 | D:2      | Reached skill level 1 in Staves
  1223 | D:2      | Reached skill level 1 in Ranged Weapons
  1223 | D:2      | Reached skill level 1 in Armour
  1223 | D:2      | Reached skill level 1 in Dodging
  1223 | D:2      | Reached skill level 1 in Stealth
  1223 | D:2      | Reached skill level 1 in Shields
  1223 | D:2      | Reached skill level 1 in Spellcasting
  1223 | D:2      | Reached skill level 1 in Evocations
  1271 | D:2      | Slain by a gnoll

Illustrated notes

Levels and vault maps discovered:
D:1:      nzn_arrival_crosshair, layout_loops_cross
D:2:      layout_basic, basic_altar, hellmonk_ecumenical_altar_leap_of_faith

Skill      XL: |  1  2  3 |
---------------+----------+-----
Invocations    | 1 |  1.0
Long Blades    | 1 |  1.0
Axes           | 1 |  1.0
Maces & Flails | 1 |  1.0
Polearms       | 1 |  1.0
Staves         | 1 |  1.0
Ranged Weapons | 1 |  1.0
Armour         | 1 |  1.0
Dodging        | 1 |  1.0
Stealth        | 1 |  1.0
Shields        | 1 |  1.0
Spellcasting   | 1 |  1.0
Evocations     | 1 |  1.0
Fighting       | |  4.6
Short Blades   | |  4.6
Throwing       | |  6.5
Unarmed Combat | |  6.5
Conjurations   | |  0.7
Hexes          | |  0.7
Summonings     | |  0.7
Necromancy     | |  0.7
Translocations | |  0.7
Transmutations | |  0.7
Fire Magic     | |  0.7
Ice Magic      | |  0.7
Air Magic      | |  0.7
Earth Magic    | |  0.7
Poison Magic   | |  0.7

Action                   || total
-------------------------++-------
Melee: Short sword       ||    25
       Punch             ||     2
       Bite              ||     3
Throw: Boomerang         ||    67
Armor: Leather armour    ||     9
Dodge: Dodged            ||    25

Table legend: (Time is in decaauts)
 A = Elapsed time spent in this place.
 B = Non-inter-level travel time spent in this place.
 C = Inter-level travel time spent in this place.
 D = Time resting spent in this place.
 E = Time spent auto-exploring this place.
 F = Levels seen in this place.
 G = Mean time per level.
                   A        B        C        D        E       F      G
               +--------+--------+--------+--------+--------+-----+--------+
         Total |   1264 |   1226 |     38 |      0 |   1054 |   2 |  632.0 |
       Dungeon |   1264 |   1226 |     38 |      0 |   1054 |   2 |  632.0 |
               +--------+--------+--------+--------+--------+-----+--------+

Top non-repeatable levels by time:
     D:1: 656 daAuts
     D:2: 608 daAuts
